 Dungeon Crawl Stone Soup version 0.30-a0-141-g30f27751c5 (webtiles) character file.

Game seed: 13542032394025941497

10733 qw the Cleaver (level 11, -1/68 HPs)
             Began as a Gargoyle Fighter on Sept 24, 2022.
             Was a High Priest of Okawaru.
             Slain by a molten gargoyle
             ... wielding a +2 mace of protection
              (6 damage)
             ... on level 10 of the Dungeon.
             The game lasted 00:04:27 (11916 turns).

qw the Cleaver (Gargoyle Fighter)                  Turns: 11916, Time: 00:04:28

Health: -1/68      AC: 30    Str: 25    XL:     11   Next: 66%
Magic:  16/18      EV: 10    Int:  8    God:    Okawaru [*****.]
Gold:   678        SH:  6    Dex:  9    Spells: 10/10 levels left

rFire   + . .      SeeInvis .    Y - +3 war axe
rCold   . . .      Faith    .    c - +0 buckler
rNeg    + . .      Spirit   .    t - +3 chain mail {rF+}
rPois   inf        Reflect  .    i - +2 hat
rElec   +          Harm     .    (no cloak)
rCorr   .          Rampage  .    q - +2 pair of gloves
Will    .....                    l - +0 pair of boots
Stlth   ..........               (no amulet)
HPRegen 0.21/turn                (no ring)
MPRegen 0.16/turn                (no ring)

@: heroic
A: sickness immunity, AC +8, negative energy resistance 1, electricity
resistance, torment resistance 1, petrification resistance
a: Renounce Religion, Heroism, Finesse, Duel


You were on level 10 of the Dungeon.
You worshipped Okawaru.
Okawaru was extremely pleased with you.
You visited 2 branches of the dungeon, and saw 11 of its levels.
You also visited: Sewer.

You collected 678 gold pieces.


Innate Abilities, Weirdness & Mutations

You are immune to sickness and miasma.
Your stone body is resilient. (AC +8)
You are immune to poison.
You resist negative energy. (rN+)
You are resistant to electric shocks. (rElec)
You are resistant to unholy torment.
You are immune to petrification.


   Skills:
 + Level 8.0(13.0) Fighting
 - Level 11.0(16.0) Axes
 - Level 1.3(6.3) Throwing
 - Level 7.4(12.4) Armour
 - Level 2.5(7.5) Dodging
 - Level 5.0(10.0) Shields
 - Level 10.1 Invocations


You had 10 spell levels left.
You didn't know any spells.
Your spell library was empty.

Inventory:

Hand Weapons
 x - a +0 morningstar
 Y - a +3 war axe (weapon)
Missiles
 u - 3 boomerangs (quivered)
Armour
 c - a +0 buckler (worn)
 i - a +2 hat (worn)
 l - a +0 pair of boots (worn)
 q - a +2 pair of gloves (worn)
 s - a +0 plate armour
 t - a +3 chain mail of fire resistance (worn)
 v - a +0 cloak
 w - the +0 buckler of Gallantry {rF+ rN+}
   (Okawaru gifted it to you on level 10 of the Dungeon)

   rF:        It protects you from fire.
   rN:        It protects you from negative energy.
Scrolls
 h - a scroll of teleportation
 p - a scroll of identify
Potions
 a - 2 potions of attraction
 b - a potion of heal wounds
 d - 4 potions of might
 e - 3 potions of curing
 f - a potion of magic
 j - 3 potions of lignification
 k - a potion of mutation
 m - 3 potions of haste
 n - a potion of resistance
 o - a potion of cancellation {unknown}
 r - a potion of berserk rage {unknown}

Dungeon Overview and Level Annotations

Branches:
Dungeon (10/15)            Temple (1/1) D:4            Lair (0/5) D:10
    Orc (0/2) D:9           Sewer (visited)

Altars:
Ashenzari
Cheibriados
Dithmenos
Elyvilon
Fedhas
Gozag
Hepliaklqana
Kikubaaqudgha
Makhleb
Nemelex Xobeh
Okawaru
Qazlal
Ru
Sif Muna
Trog
Uskayaw
Vehumet
Wu Jian
Xom
Yredelemnul
Zin
The Shining One

Shops:
D:1 [

Annotations:
D:8 2 transporters, Mocakuj's ghost, novice MiBe


Message History

You are engulfed in flames.
You resist. You block the molten gargoyle's attack.
You slash the molten gargoyle!
You destroy the molten gargoyle!
Okawaru accepts your kill.
You hit the molten gargoyle but do no damage.
Your surroundings suddenly seem different.
Your base Dodging skill increases to level 2!
You start resting.
Magic restored.
You start resting.
You feel like a meek peon again.
HP restored.
The molten gargoyle blasts magma at you!
The bolt of magma hits you! You partially resist.
11901 ||| FLEEEEING.
11907 ||| Stepping ~*~*~tactically~*~*~ (hiding).
You slash the molten gargoyle!
The molten gargoyle is lightly damaged.
The molten gargoyle hits you but does no damage.
You slash the molten gargoyle!
The molten gargoyle is heavily damaged.
The molten gargoyle hits you but does no damage.
You hit the molten gargoyle but do no damage.
The molten gargoyle is heavily damaged.
The molten gargoyle blasts magma at you!
The bolt of magma hits you! You partially resist.
11913 ||| INVOKING Heroism.
You gain the combat prowess of a mighty hero.
The molten gargoyle hits you but does no damage.
You hit the molten gargoyle but do no damage.
The molten gargoyle is heavily damaged.
The molten gargoyle hits you with a +2 mace of protection!
You are engulfed in flames.
You resist.
You completely miss the molten gargoyle.
The molten gargoyle is heavily damaged.
You hit the molten gargoyle but do no damage.
The molten gargoyle is heavily damaged.
The molten gargoyle hits you with a +2 mace of protection!
You are engulfed in flames.
You resist.
You die...

###.....# ##.....###.####
#.#.#.#.###....###.......
.#.#¤#.#.##...#..#.####......
.¤~...).#.)......#..###.....#
.~¤~~~¤).##......##..##......
~~¤¤~¤¤.#............#.......
.~~88~¤¤.#.......#..#........
~¤¤88¤~.#........#...........
.¤~¤¤¤¤~.###@................
.~~¤~¤¤.#.##9.#..............
....¤~¤..#...##..............
.#.#¤#.#9....#..........#...
#.#.#.###.##..........#...
#.........##..............
........?.##............#...
##............##............
#...#.#.......#.....#......


You could see a molten gargoyle.

Vanquished Creatures
  2 two-headed ogres (D:9)
  Pikel (D:5)
  3 molten gargoyles (D:10)
  2 unseen horrors (D:10)
  2 trolls (D:10)
  22 yaks
  2 steam dragons
  Edmund (D:6)
  Menkaure (D:7)
  3 orc warriors
  A black bear (D:4)
  2 ice beasts
  3 sky beasts
  8 centaurs
  4 lemures (D:5)
  A phantom (D:7)
  A bullfrog (D:6)
  A kobold brigand (D:6)
  2 necrophages
  8 scorpions
  10 killer bees
  An orc priest (D:8)
  4 hounds
  2 jellies
  2 gnoll boudas
  2 iguanas (D:5)
  5 orc wizards
  12 gnolls
  5 river rats (Sewer)
  12 adders
  A shadow imp (D:5)
  2 white imps
  3 ufetubi
  5 worms
  2 dart slugs
  32 orcs
  3 bats
  6 endoplasms
  2 giant cockroaches
  5 goblins
  8 hobgoblins
  A jackal (D:1)
  4 quokkas
  14 ball pythons
  6 frilled lizards
  37 kobolds
  25 rats
281 creatures vanquished.

Vanquished Creatures (others)
  A killer bee (D:7)
1 creature vanquished.

Grand Total: 282 creatures vanquished

Notes
Turn   | Place    | Note
-------+----------+-------------------------------------------
     0 | D:1      | qw the Gargoyle Fighter began the quest for the Orb.
     0 | D:1      | Reached XP level 1. HP: 14/14 MP: 1/1
     0 | D:1      | 0 ||| qw: Version: 0.1.0-9-gbc19398
     0 | D:1      | 0 ||| qw: Game counter: 58
     0 | D:1      | 0 ||| qw: Always use a shield: true
     0 | D:1      | 0 ||| qw: God list: Okawaru
     0 | D:1      | 0 ||| qw: Allow faded altars: false
     0 | D:1      | 0 ||| qw: Do Orc after D:15 true
     0 | D:1      | 0 ||| qw: Do second Lair branch before Depths: true
     0 | D:1      | 0 ||| qw: Lair rune preference: random
     0 | D:1      | 0 ||| qw: Plans: Normal, Zot:1-4, God:TSO, Crypt, Tomb,
                  | Pan, Slime:5, Hells, Abyss, Orb
     0 | D:1      | 0 ||| PLANNING D:1-11
    68 | D:1      | Reached skill level 2 in Axes
   157 | D:1      | 157 ||| Stepping ~*~*~tactically~*~*~ (hiding).
   283 | D:1      | Reached XP level 2. HP: 19/19 MP: 2/2
   321 | D:1      | 321 ||| Stepping ~*~*~tactically~*~*~ (stealth).
   325 | D:1      | 325 ||| Stepping ~*~*~tactically~*~*~ (stealth).
   349 | D:1      | 349 ||| Stepping ~*~*~tactically~*~*~ (stealth).
   390 | D:1      | Found Kadghudog's Antique Armour Shop.
   402 | D:1      | 402 ||| SHOPLISTING brightly glowing plate armour (840
                  | gold, have 22).
   402 | D:1      | 402 ||| SHOPLISTING chain mail (135 gold, have 22).
   402 | D:1      | 402 ||| SHOPLISTING cloak (135 gold, have 22).
   402 | D:1      | 402 ||| SHOPLISTING pair of gloves (135 gold, have 22).
   404 | D:1      | 404 ||| Stepping ~*~*~tactically~*~*~ (stealth).
   835 | D:1      | Reached skill level 3 in Axes
   869 | D:1      | Reached XP level 3. HP: 19/23 MP: 3/3
  1040 | D:1      | 1040 ||| Stepping ~*~*~tactically~*~*~ (stealth).
  1041 | D:1      | 1041 ||| Stepping ~*~*~tactically~*~*~ (stealth).
  1042 | D:1      | 1042 ||| Stepping ~*~*~tactically~*~*~ (stealth).
  1045 | D:1      | 1045 ||| Stepping ~*~*~tactically~*~*~ (stealth).
  1046 | D:1      | 1046 ||| Stepping ~*~*~tactically~*~*~ (stealth).
  1047 | D:1      | 1047 ||| Stepping ~*~*~tactically~*~*~ (stealth).
  1182 | D:1      | 1182 ||| Stepping ~*~*~tactically~*~*~ (stealth).
  1188 | D:1      | 1188 ||| Stepping ~*~*~tactically~*~*~ (stealth).
  1189 | D:1      | 1189 ||| Stepping ~*~*~tactically~*~*~ (stealth).
  1424 | D:1      | 1424 ||| READING scroll labelled SOTOAS NYGUGEE.
  1425 | D:1      | 1425 ||| READING 2 scrolls labelled HAESUTZ YROMETZ.
  1430 | D:1      | 1430 ||| READING scroll labelled DOTHRU ECHAROM.
  1706 | D:2      | 1706 ||| Stepping ~*~*~tactically~*~*~ (stealth).
  1708 | D:2      | 1708 ||| Stepping ~*~*~tactically~*~*~ (hiding).
  1710 | D:2      | 1710 ||| Stepping ~*~*~tactically~*~*~ (hiding).
  1718 | D:2      | Reached XP level 4. HP: 28/28 MP: 4/4
  1840 | D:2      | 1840 ||| FLEEEEING.
  1845 | D:2      | 1845 ||| FLEEEEING.
  1977 | D:2      | Reached skill level 4 in Axes
  2184 | D:2      | 2184 ||| UPGRADING to +2 ring mail of fire resistance.
  2194 | D:2      | 2194 ||| DROPPING +0 scale mail.
  2195 | D:2      | 2195 ||| UPGRADING to +0 chain mail.
  2205 | D:2      | 2205 ||| UPGRADING to +0 pair of gloves.
  2210 | D:2      | 2210 ||| READING scroll labelled PODU NUORIT.
  2256 | D:2      | 2256 ||| READING scroll labelled WOWNERYRUO.
  2257 | D:2      | 2257 ||| READING scroll labelled HESTRU AXIU.
  2324 | D:3      | 2324 ||| DROPPING +0 club.
  2418 | D:3      | Noticed a scorpion
  2430 | D:3      | Killed a scorpion
  2431 | D:3      | Reached XP level 5. HP: 23/32 MP: 5/5
  2563 | D:3      | Found a blossoming altar of Fedhas.
  2586 | D:3      | Reached skill level 5 in Axes
  2696 | D:3      | Found an ancient bone altar of Kikubaaqudgha.
  2919 | D:3      | 2919 ||| Stepping ~*~*~tactically~*~*~ (stealth).
  3150 | D:3      | 3150 ||| READING 3 scrolls labelled NIONODU OBBEH.
  3151 | D:3      | 3151 ||| READING 2 scrolls of enchant weapon.
  3151 | D:3      | 3151 ||| ENCHANTING +1 war axe.
  3152 | D:3      | 3152 ||| READING scroll of enchant weapon.
  3152 | D:3      | 3152 ||| ENCHANTING +2 war axe.
  3153 | D:3      | 3153 ||| READING scroll labelled UTIBEL JIPO.
  3154 | D:3      | 3154 ||| DRINKING 2 fuming coppery potions.
  3205 | D:4      | Reached XP level 6. HP: 20/38 MP: 6/6
  3278 | D:4      | 3278 ||| Stepping ~*~*~tactically~*~*~ (stealth).
  3360 | D:4      | Found a staircase to the Ecumenical Temple.
  3361 | D:4      | 3361 ||| PLANNING TEMPLE
  3361 | D:4      | 3361 ||| DROPPING +0 mace.
  3371 | Temple   | Entered the Ecumenical Temple
  3437 | Temple   | 3437 ||| PLANNING D:1-11
  3443 | Temple   | Became a worshipper of Warmaster Okawaru
  3760 | D:4      | 3760 ||| Stepping ~*~*~tactically~*~*~ (stealth).
  3878 | D:4      | Noticed a black bear
  3885 | D:4      | Killed a black bear
  4103 | D:4      | Reached skill level 6 in Axes
  4234 | D:4      | 4234 ||| DROPPING +2 ring mail of fire resistance.
  4235 | D:4      | 4235 ||| UPGRADING to +0 plate armour.
  4245 | D:4      | 4245 ||| DROPPING +0 chain mail.
  4246 | D:4      | 4246 ||| READING scroll labelled PAPTO COJAMU.
  4247 | D:4      | 4247 ||| READING scroll labelled HOUNOBIX DYROCHUN.
  4248 | D:4      | 4248 ||| DRINKING 2 dark potions.
  4297 | D:4      | 4297 ||| DRINKING 2 bubbling ruby potions.
  4298 | D:4      | 4298 ||| READING 2 scrolls of identify.
  4298 | D:4      | 4298 ||| IDENTIFYING white potion
  4299 | D:4      | 4299 ||| DROPPING potion of flight.
  4300 | D:4      | 4300 ||| DROPPING potion of degeneration.
  4340 | D:5      | Entered Level 5 of the Dungeon
  4364 | D:5      | Reached XP level 7. HP: 43/43 MP: 7/7
  4418 | D:5      | 4418 ||| Stepping ~*~*~tactically~*~*~ (stealth).
  4419 | D:5      | 4419 ||| Stepping ~*~*~tactically~*~*~ (stealth).
  4420 | D:5      | 4420 ||| Stepping ~*~*~tactically~*~*~ (stealth).
  4456 | D:5      | 4456 ||| FLEEEEING.
  4457 | D:5      | 4457 ||| FLEEEEING.
  4458 | D:5      | 4458 ||| FLEEEEING.
  4459 | D:5      | 4459 ||| FLEEEEING.
  4460 | D:5      | 4460 ||| FLEEEEING.
  4461 | D:5      | 4461 ||| FLEEEEING.
  4548 | D:5      | 4548 ||| Stepping ~*~*~tactically~*~*~ (stealth).
  4571 | D:5      | 4571 ||| DRINKING potion of curing.
  4571 | D:5      | 4571 ||| (to cure confusion)
  4578 | D:5      | Found an ornate altar of the Wu Jian Council.
  4579 | D:5      | Found a shimmering altar of Xom.
  4611 | D:5      | Noticed a fire elemental
  4614 | D:5      | Found a stormy altar of Qazlal.
  4615 | D:5      | 4615 ||| READING scroll labelled QEIMAJ VEHAQ.
  4616 | D:5      | 4616 ||| DRINKING 2 fuming green potions.
  4617 | D:5      | 4617 ||| DRINKING 2 inky potions.
  4618 | D:5      | 4618 ||| READING 2 scrolls of identify.
  4618 | D:5      | 4618 ||| IDENTIFYING grey potion
  4628 | D:5      | Noticed a water elemental
  4628 | D:5      | Noticed an air elemental
  4630 | D:5      | 4630 ||| READING 3 scrolls of teleportation.
  4697 | D:5      | Reached * piety under Okawaru
  4698 | D:5      | Reached skill level 7 in Axes
  4799 | D:5      | Found a broken altar of Ashenzari.
  4816 | D:5      | Reached skill level 1 in Invocations
  4927 | D:5      | 4927 ||| Stepping ~*~*~tactically~*~*~ (stealth).
  4928 | D:5      | Noticed Pikel
  4929 | D:5      | 4929 ||| Stepping ~*~*~tactically~*~*~ (hiding).
  4935 | D:5      | 4935 ||| INVOKING Heroism.
  4950 | D:5      | 4950 ||| INVOKING Heroism.
  4961 | D:5      | Killed Pikel
  4961 | D:5      | Reached ** piety under Okawaru
  4962 | D:5      | Reached skill level 6 in Fighting
  4962 | D:5      | Reached XP level 8. HP: 16/51 MP: 6/11
  4975 | D:5      | 4975 ||| INVOKING Heroism.
  4979 | D:5      | 4979 ||| FLEEEEING.
  4980 | D:5      | 4980 ||| FLEEEEING.
  4981 | D:5      | 4981 ||| FLEEEEING.
  4982 | D:5      | 4982 ||| FLEEEEING.
  4983 | D:5      | 4983 ||| FLEEEEING.
  4984 | D:5      | 4984 ||| FLEEEEING.
  4985 | D:5      | 4985 ||| FLEEEEING.
  4986 | D:5      | 4986 ||| FLEEEEING.
  4988 | D:5      | 4988 ||| FLEEEEING.
  4989 | D:5      | 4989 ||| FLEEEEING.
  4990 | D:5      | 4990 ||| FLEEEEING.
  4991 | D:5      | 4991 ||| FLEEEEING.
  4992 | D:5      | 4992 ||| FLEEEEING.
  4993 | D:5      | 4993 ||| FLEEEEING.
  4994 | D:5      | 4994 ||| FLEEEEING.
  4995 | D:5      | 4995 ||| FLEEEEING.
  4996 | D:5      | 4996 ||| FLEEEEING.
  4998 | D:5      | 4998 ||| FLEEEEING.
  4999 | D:5      | 4999 ||| FLEEEEING.
  5000 | D:5      | 5000 ||| STAIRDANCE
  5168 | D:4      | 5168 ||| READING scroll labelled XUCLUXU FIMUAT.
  5180 | D:5      | Reached skill level 1 in Dodging
  5595 | D:6      | 5595 ||| PLANNING SEWER
  5769 | D:6      | Noticed Edmund
  5770 | D:6      | 5770 ||| INVOKING Heroism.
  5778 | D:6      | Killed Edmund
  5779 | D:6      | Reached skill level 8 in Axes
  5799 | D:6      | 5799 ||| DROPPING +0 flail.
  5813 | D:6      | Reached XP level 9. HP: 47/55 MP: 12/12
  5818 | D:6      | Reached *** piety under Okawaru
  5929 | D:6      | Found a white marble altar of Elyvilon.
  6009 | D:6      | 6009 ||| INVOKING Heroism.
  6072 | D:6      | 6072 ||| INVOKING Heroism.
  6078 | D:6      | 6078 ||| Stepping ~*~*~tactically~*~*~ (stealth).
  6254 | D:6      | Found a glowing drain.
  6255 | D:6      | 6255 ||| UPGRADING to +0 pair of boots.
  6260 | D:6      | 6260 ||| READING scroll labelled HAMAMN TETO.
  6269 | Sewer    | Entered a sewer
  6336 | Sewer    | 6336 ||| INVOKING Heroism.
  6472 | Sewer    | 6472 ||| INVOKING Heroism.
  6513 | Sewer    | 6513 ||| Stepping ~*~*~tactically~*~*~ (stealth).
  6514 | Sewer    | 6514 ||| Stepping ~*~*~tactically~*~*~ (stealth).
  6553 | Sewer    | 6553 ||| INVOKING Heroism.
  6667 | Sewer    | 6667 ||| INVOKING Heroism.
  6821 | Sewer    | 6821 ||| READING scroll labelled VEYFERCHIAPA.
  6822 | Sewer    | 6822 ||| DRINKING 2 murky inky potions.
  6823 | Sewer    | 6823 ||| DRINKING 2 bubbling clear potions.
  6824 | Sewer    | 6824 ||| DROPPING potion of invisibility.
  6857 | D:6      | 6857 ||| PLANNING D:1-11
  7028 | D:7      | 7028 ||| STAIRDANCE
  7040 | D:6      | 7040 ||| INVOKING Heroism.
  7215 | D:7      | 7215 ||| STAIRDANCE
  7321 | D:7      | 7321 ||| FLEEEEING.
  7322 | D:7      | 7322 ||| FLEEEEING.
  7323 | D:7      | 7323 ||| FLEEEEING.
  7324 | D:7      | 7324 ||| STAIRDANCE
  7366 | D:7      | 7366 ||| INVOKING Heroism.
  7433 | D:7      | 7433 ||| Stepping ~*~*~tactically~*~*~ (stealth).
  7435 | D:7      | 7435 ||| INVOKING Heroism.
  7438 | D:7      | Reached skill level 9 in Axes
  7588 | D:7      | 7588 ||| FLEEEEING.
  7589 | D:7      | 7589 ||| FLEEEEING.
  7597 | D:7      | Reached skill level 6 in Armour
  7680 | D:7      | 7680 ||| Stepping ~*~*~tactically~*~*~ (stealth).
  7683 | D:7      | 7683 ||| INVOKING Heroism.
  7700 | D:7      | 7700 ||| Stepping ~*~*~tactically~*~*~ (hiding).
  7702 | D:7      | 7702 ||| Stepping ~*~*~tactically~*~*~ (hiding).
  7703 | D:7      | 7703 ||| Stepping ~*~*~tactically~*~*~ (hiding).
  7821 | D:7      | 7821 ||| Stepping ~*~*~tactically~*~*~ (hiding).
  7823 | D:7      | 7823 ||| Stepping ~*~*~tactically~*~*~ (hiding).
  7970 | D:7      | 7970 ||| Stepping ~*~*~tactically~*~*~ (stealth).
  7972 | D:7      | 7972 ||| Stepping ~*~*~tactically~*~*~ (stealth).
  7979 | D:7      | Reached **** piety under Okawaru
  7980 | D:7      | Reached XP level 10. HP: 50/63 MP: 13/13
  7982 | D:7      | 7982 ||| INVOKING Heroism.
  7989 | D:7      | Reached skill level 10 in Axes
  8278 | D:7      | 8278 ||| INVOKING Heroism.
  8330 | D:7      | Noticed Menkaure
  8331 | D:7      | 8331 ||| Stepping ~*~*~tactically~*~*~ (hiding).
  8335 | D:7      | 8335 ||| INVOKING Heroism.
  8338 | D:7      | Killed Menkaure
  8379 | D:7      | 8379 ||| Stepping ~*~*~tactically~*~*~ (hiding).
  8381 | D:7      | 8381 ||| Stepping ~*~*~tactically~*~*~ (hiding).
  8459 | D:7      | 8459 ||| READING 3 scrolls of identify.
  8459 | D:7      | 8459 ||| IDENTIFYING fuming brown potion
  8460 | D:7      | 8460 ||| READING 2 scrolls of identify.
  8460 | D:7      | 8460 ||| IDENTIFYING silvery potion
  8461 | D:7      | 8461 ||| DROPPING potion of brilliance.
  8484 | D:8      | 8484 ||| INVOKING Heroism.
  8506 | D:8      | Reached skill level 6 in Invocations
  8512 | D:8      | 8512 ||| FLEEEEING.
  8513 | D:8      | 8513 ||| FLEEEEING.
  8514 | D:8      | 8514 ||| FLEEEEING.
  8515 | D:8      | 8515 ||| FLEEEEING.
  8516 | D:8      | 8516 ||| FLEEEEING.
  8517 | D:8      | 8517 ||| FLEEEEING.
  8518 | D:8      | 8518 ||| FLEEEEING.
  8519 | D:8      | 8519 ||| FLEEEEING.
  8520 | D:8      | 8520 ||| FLEEEEING.
  8521 | D:8      | 8521 ||| FLEEEEING.
  8522 | D:8      | 8522 ||| FLEEEEING.
  8523 | D:8      | 8523 ||| FLEEEEING.
  8526 | D:8      | 8526 ||| STAIRDANCE
  8713 | D:8      | 8713 ||| STAIRDANCE
  8775 | D:8      | Found a glowing silver altar of Zin.
  8810 | D:8      | Found an opulent altar of Gozag.
  9073 | D:8      | 9073 ||| READING scroll of enchant armour.
  9073 | D:8      | 9073 ||| ENCHANTING +0 pair of gloves.
  9122 | D:8      | Found a transporter.
  9128 | D:8      | Found a bloodstained altar of Trog.
  9128 | D:8      | Noticed Mocakuj's ghost (novice MiBe)
  9140 | D:8      | Found a transporter.
  9141 | D:8      | Noticed a moth of wrath
  9212 | D:8      | 9212 ||| UPGRADING to +2 hat.
  9217 | D:8      | 9217 ||| DROPPING ring of magical power.
  9218 | D:8      | 9218 ||| READING 2 scrolls of identify.
  9218 | D:8      | 9218 ||| IDENTIFYING brown potion
  9255 | D:9      | Found a staircase to the Orcish Mines.
  9292 | D:9      | 9292 ||| Stepping ~*~*~tactically~*~*~ (stealth).
  9293 | D:9      | 9293 ||| Stepping ~*~*~tactically~*~*~ (stealth).
  9299 | D:9      | 9299 ||| INVOKING Heroism.
  9511 | D:9      | 9511 ||| Stepping ~*~*~tactically~*~*~ (hiding).
  9516 | D:9      | 9516 ||| INVOKING Heroism.
  9574 | D:9      | Found a glowing golden altar of the Shining One.
  9597 | D:9      | Noticed a two-headed ogre
  9598 | D:9      | 9598 ||| INVOKING Heroism.
  9611 | D:9      | Killed a two-headed ogre
  9874 | D:9      | 9874 ||| INVOKING Heroism.
  9896 | D:9      | Reached ***** piety under Okawaru
  9897 | D:9      | Reached XP level 11. HP: 66/68 MP: 15/17
  9899 | D:9      | Noticed a two-headed ogre
  9906 | D:9      | 9906 ||| INVOKING Heroism.
  9910 | D:9      | Killed a two-headed ogre
  9960 | D:9      | 9960 ||| INVOKING Heroism.
  9961 | D:9      | 9961 ||| Stepping ~*~*~tactically~*~*~ (cloud).
  9971 | D:9      | 9971 ||| Stepping ~*~*~tactically~*~*~ (cloud).
 10300 | D:9      | 10300 ||| UPGRADING to +3 chain mail of fire resistance.
 10320 | D:10     | Entered Level 10 of the Dungeon
 10321 | D:10     | 10321 ||| STAIRDANCE
 10371 | D:10     | 10371 ||| FLEEEEING.
 10372 | D:10     | 10372 ||| FLEEEEING.
 10373 | D:10     | 10373 ||| STAIRDANCE
 10440 | D:10     | Reached skill level 1 in Throwing
 10440 | D:10     | Reached skill level 9 in Invocations
 10474 | D:10     | Found a sparkling altar of Nemelex Xobeh.
 10505 | D:10     | Found a snail-covered altar of Cheibriados.
 10529 | D:10     | 10529 ||| INVOKING Heroism.
 10605 | D:10     | 10605 ||| READING scroll of enchant armour.
 10605 | D:10     | 10605 ||| ENCHANTING +1 pair of gloves.
 10625 | D:10     | Found a hazy altar of Hepliaklqana.
 10720 | D:10     | 10720 ||| Stepping ~*~*~tactically~*~*~ (hiding).
 10731 | D:10     | 10731 ||| INVOKING Heroism.
 10731 | D:10     | HP: 17/68 [molten gargoyle/bolt of magma (15)]
 10732 | D:10     | 10732 ||| READING 4 scrolls of teleportation.
 10732 | D:10     | HP: 5/68 [molten gargoyle/bolt of magma (12)]
 10733 | D:10     | 10733 ||| DRINKING 4 potions of heal wounds.
 10941 | D:10     | 10941 ||| Stepping ~*~*~tactically~*~*~ (stealth).
 10943 | D:10     | 10943 ||| Stepping ~*~*~tactically~*~*~ (stealth).
 10945 | D:10     | 10945 ||| Stepping ~*~*~tactically~*~*~ (hiding).
 10946 | D:10     | 10946 ||| INVOKING Heroism.
 10947 | D:10     | 10947 ||| Stepping ~*~*~tactically~*~*~ (hiding).
 10948 | D:10     | 10948 ||| Stepping ~*~*~tactically~*~*~ (hiding).
 10963 | D:10     | Identified the +0 buckler of Gallantry {rF+ rN+} (Okawaru
                  | gifted it to you on level 10 of the Dungeon)
 10963 | D:10     | Received a gift from Okawaru
 10965 | D:10     | HP: 14/68 [orc/+0 trident (4)]
 10966 | D:10     | 10966 ||| READING 3 scrolls of teleportation.
 10967 | D:10     | 10967 ||| DRINKING 3 potions of heal wounds.
 11147 | D:10     | 11147 ||| INVOKING Heroism.
 11275 | D:10     | 11275 ||| Stepping ~*~*~tactically~*~*~ (stealth).
 11288 | D:10     | Found a staircase to the Lair.
 11386 | D:10     | 11386 ||| Stepping ~*~*~tactically~*~*~ (hiding).
 11399 | D:10     | 11399 ||| INVOKING Heroism.
 11405 | D:10     | Reached skill level 11 in Axes
 11615 | D:10     | 11615 ||| DROPPING +5 vorpal flail.
 11622 | D:10     | 11622 ||| INVOKING Heroism.
 11627 | D:10     | HP: 16/68 [molten gargoyle/bolt of magma (9)]
 11628 | D:10     | 11628 ||| READING 2 scrolls of teleportation.
 11629 | D:10     | 11629 ||| DRINKING 2 potions of heal wounds.
 11901 | D:10     | 11901 ||| FLEEEEING.
 11907 | D:10     | 11907 ||| Stepping ~*~*~tactically~*~*~ (hiding).
 11913 | D:10     | 11913 ||| INVOKING Heroism.
 11916 | D:10     | HP: 5/68 [molten gargoyle/+2 mace of protection (16)]
 11916 | D:10     | Slain by a molten gargoyle

Levels and vault maps discovered:
D:1:      saegor_arrival_simple_b, layout_basic, serial_shops, shop,
          st_stairs_11, minmay_heptomino_w4
D:2:      layout_loops_ring
D:3:      minmay_wonky_spiral, layout_loops_cross,
          mainiacjoe_overflow_boulevard, fedhas_altar_fruit_tree,
          saegor_snake_ambush
D:4:      layout_gridville, minmay_temple_entry_statues_pillars
D:5:      layout_gridville, nicolae_qazlal_style_of_elements,
          mainiacjoe_overflow_divided_tiny, ashenzari_altar_1, uniq_pikel
D:6:      layout_gridville, marbit_many_paths, gup_sewer_entry_pipe, uniq_edmund
D:7:      layout_cave_pools, uniq_menkaure
D:8:      layout_basic, pdpol_temple_overflow_zin_treasury_gozag_greed,
          gammafunk_ghost_wrathful_warriors, chequers_decorated_corner
D:9:      layout_irregular_city, tso_oasis_becter, orc_0_dummy
D:10:     layout_cave_pools, mainiacjoe_overflow_catwalk_spiral,
          mainiacjoe_overflow_six_doors_small, lair_entry_dummy, serial_glass,
          glass_columns_a, glass_columns_a, glass_columns_a,
          due_unseen_surprise, item_on_display_a, kennysheep_decorative_pillar,
          minivault_8
Temple:   dpeg_three_leaves_temple

Skill      XL: |  1  2  3  4  5  6  7  8  9 10 11 |
---------------+----------------------------------+-----
Axes           | 2 3 4 5 6 7 8 9 10 11 | 11.0
Fighting       | 4 6 7 8 |  8.0
Armour         | 4 6 7 |  7.4
Invocations    | 4 8 10 | 10.1
Dodging        | 1 2 |  2.5
Shields        | 4 5 |  5.0
Throwing       | 1 |  1.3

Action                   |  1- 3 |  4- 6 |  7- 9 | 10-12 || total
-------------------------+-------+-------+-------+-------++-------
Melee: War axe           |    87 |   117 |   394 |   260 ||   858
Throw: Boomerang         |    26 |    59 |       |     6 ||    91
Invok: Heroism           |       |       |    14 |    17 ||    31
  Use: Scroll            |     3 |    10 |     6 |     8 ||    27
       Potion            |       |     3 |     5 |     3 ||    11
Armor: Scale mail        |    41 |     7 |       |       ||    48
       Chain mail        |       |    73 |       |   108 ||   181
       Plate armour      |       |     3 |   239 |    71 ||   313
Dodge: Dodged            |    44 |    58 |   129 |    95 ||   326
Block: Buckler           |    14 |    23 |    86 |    72 ||   195

Table legend:
 A = Non-vault XP
 B = Vault XP
 C = Vault XP percentage of total XP
 D = Non-vault monster count
 E = Vault monster count
 F = Vault count percentage of total count
                 A         B        C        D         E       F
            +---------+---------+-------+---------+---------+-------
      Total |   12832 |    2501 |  16.3 |     205 |      73 |  26.3
            +---------+---------+-------+---------+---------+-------
        D:1 |      37 |      26 |  41.3 |      22 |       8 |  26.7
        D:2 |      45 |       0 |   0.0 |       9 |       0 |   0.0
        D:3 |     151 |      21 |  12.2 |      20 |       5 |  20.0
        D:4 |     292 |       0 |   0.0 |      14 |       0 |   0.0
        D:5 |     729 |     651 |  47.2 |      27 |       1 |   3.6
        D:6 |     909 |     182 |  16.7 |      26 |       6 |  18.8
        D:7 |    2741 |     169 |   5.8 |      34 |       1 |   2.9
        D:8 |     577 |       0 |   0.0 |      11 |       0 |   0.0
        D:9 |    4335 |       0 |   0.0 |      22 |       0 |   0.0
       D:10 |    3016 |    1316 |  30.4 |      20 |       3 |  13.0
      Sewer |       0 |     136 | 100.0 |       0 |      49 | 100.0
            +---------+---------+-------+---------+---------+-------
